 Dungeon Crawl Stone Soup version 0.19-a0-262-g5df7875 (webtiles) character file.

368 oplop the Sneak (level 6, -2/28 HPs)
             Began as a Vine Stalker Enchanter on May 26, 2016.
             Killed by divine providence
             ... invoked by an orc priest
              (7 damage)
             ... on level 7 of the Dungeon.
             The game lasted 00:05:17 (2386 turns).

oplop the Sneak (Vine Stalker Enchanter)            Turns: 2386, Time: 00:05:17

Health: -2/28      AC:  4    Str: 10    XL:     6   Next: 69%
Magic:  0/12       EV: 12    Int: 15    God:
Gold:   160        SH:  0    Dex: 17    Spells: 2 memorised, 8 levels left

rFire  . . .     SeeInvis .     a - +2 dagger
rCold  . . .     Gourm    .     b - +1 robe
rNeg   . . .     Faith    .     (no shield)
rPois  .         Spirit   +     (no helmet)
rElec  .         Dismiss  .     (no cloak)
rCorr  .         Reflect  .     o - +0 pair of gloves
SustAt .         Harm     .     (no boots)
MR     .....                    (no amulet)
Stlth  +++.......               (no ring)
                                (no ring)

@: not resistant to hostile enchantments, fairly stealthy
A: fangs 2, low mp 1, regeneration 2, magic shield, antimagic bite, no device
heal 3, rot immunity, subdued magic 1
a: no special abilities


You were on level 7 of the Dungeon.
You were not hungry.

You visited 1 branch of the dungeon, and saw 7 of its levels.

You collected 160 gold pieces.

Inventory:

Hand Weapons
 a - a +2 dagger (weapon)
 r - a +1 short sword of speed
Armour
 b - a +1 robe (worn)
 o - a +0 pair of gloves (worn)
Wands
 j - a wand of acid (3/15)
 t - a wand of confusion (40/48)
Scrolls
 l - 2 scrolls of enchant weapon
Potions
 e - 2 potions of curing
 h - a potion of might
 i - a potion of agility {unknown}
 n - a potion of heal wounds {unknown}
 v - a potion of ambrosia {unknown}
Books
 c - a book of Maledictions

   Spells                             Type                      Level
   a - Corona                         Hexes                        1
   b - Ensorcelled Hibernation        Hexes/Ice                    2
   c - Confuse                        Hexes                        3
   d - Tukima's Dance                 Hexes                        3
   e - Dazzling Spray                 Conjuration/Hexes            3
Comestibles
 d - 4 bread rations
 f - a meat ration
 g - 4 fruits
 m - 2 chunks of flesh


   Skills:
 - Level 0.8 Short Blades
 - Level 1.5 Dodging
 + Level 6.0 Stealth
 + Level 4.4 Spellcasting
 + Level 4.8 Hexes


You had 8 spell levels left.
You knew the following spells:

 Your Spells              Type           Power        Failure   Level  Hunger
b - Ensorcelled Hibernat  Hex/Ice        #.....       10%         2    ##.....
c - Confuse               Hex            ##......     8%          3    ###....


Dungeon Overview and Level Annotations

Branches:
Dungeon (7/15)
 Temple: D:4-7

Altars:
Makhleb
Pakellas
Qazlal
Trog
Ukayaw
Xom

Annotations:
D:5 no0bjke's ghost, amateur TrMo
D:6 George's ghost, novice MiFi


Innate Abilities, Weirdness & Mutations

You have extremely sharp teeth.
You heal very quickly.
When hurt, damage is shared between your health and your magic reserves.
Your bite disrupts and absorbs the magic of your enemies.
Potions and wands cannot restore your health.
You are immune to rotting.
Your magical capacity is low. (-10% MP)
Your spells are a little easier to cast, but a little less powerful.


Message History

The orc is severely wounded.
The orc barely misses you. Something hits you but does no damage.
Your magical contamination has completely faded away.
You hit the orc but do no damage.
The orc is severely wounded.
The orc barely misses you. x2; Something hits you but does no damage.
You barely miss the orc.
The giant frog croaks.
Your bite misses the orc.
The orc is severely wounded.
The orc hits you with a club.
* * * LOW HITPOINT WARNING * * *
Something hits you.
* * * LOW HITPOINT WARNING * * *
The orc barely misses you.
You closely miss the orc.
The orc is severely wounded.
The orc priest mumbles some strange prayers to Beogh against you.
Beogh smites you!
You die... ....o.. .+ ...... .....
F.o.## .o.o# ..o# oo#

.. #o#
#.#+#######@#
#........o{o#
#.........oo#
#...........#
#...........#
#...........#
.#.........#
#..########
#.


You could see an orc warrior, a giant frog, an orc priest, an orc wizard and 8
orcs.

Vanquished Creatures
  A black bear (D:6)
  A wyvern skeleton (D:4)
  A hound (D:4)
  A centaur skeleton (D:4)
  An orc wizard (D:6)
  2 worker ants
  A worker ant zombie (D:6)
  2 adders
  2 oozes
  A worm (D:2)
  2 giant geckos
  4 orcs
  3 bats (D:1)
  6 giant cockroaches
  5 goblins
  9 hobgoblins
  2 jackals (D:3)
  A quokka (D:4)
  3 giant newts
  5 kobolds
  A quokka zombie (D:6)
  7 rats
61 creatures vanquished.

Vanquished Creatures (others)
  2 fungi (D:7)
2 creatures vanquished.

Grand Total: 63 creatures vanquished

Notes
Turn   | Place    | Note
--------------------------------------------------------------
     0 | D:1      | oplop the Vine Stalker Enchanter began the quest for the Orb.
     0 | D:1      | Reached XP level 1. HP: 9/9 MP: 4/4
   123 | D:1      | Reached skill level 4 in Stealth
   132 | D:1      | Reached XP level 2. HP: 13/13 MP: 6/6
   139 | D:1      | Learned a level 2 spell: Ensorcelled Hibernation
   683 | D:2      | Reached XP level 3. HP: 15/16 MP: 5/8
   896 | D:3      | Found an oddly glowing altar of Pakellas.
   991 | D:3      | Found a burning altar of Makhleb.
   991 | D:3      | Found a stormy altar of Qazlal.
  1171 | D:3      | Reached XP level 4. HP: 19/21 MP: 9/9
  1454 | D:4      | Learned a level 3 spell: Confuse
  1542 | D:4      | Reached skill level 5 in Stealth
  1542 | D:4      | Reached XP level 5. HP: 24/24 MP: 11/11
  1664 | D:4      | Noticed an ogre
  1997 | D:5      | Entered Level 5 of the Dungeon
  2004 | D:5      | Noticed a phantom
  2007 | D:5      | Noticed no0bjke's ghost (amateur TrMo)
  2036 | D:6      | Gained mutation: You heal very quickly. [Vine Stalker growth]
  2036 | D:6      | Reached XP level 6. HP: 28/28 MP: 13/13
  2059 | D:6      | Noticed George's ghost (novice MiFi)
  2069 | D:6      | Noticed a black bear
  2069 | D:6      | Noticed a black bear
  2086 | D:6      | Found a bloodstained altar of Trog.
  2131 | D:7      | Found a shimmering altar of Xom.
  2131 | D:7      | Noticed an orc warrior
  2151 | D:6      | Killed a black bear
  2169 | D:6      | Gained mutation: Your magical capacity is low. (-10% MP) [potion of mutation]
  2169 | D:6      | Gained mutation: Your spells are a little easier to cast, but a little less powerful. [potion of mutation]
  2171 | D:6      | Reached skill level 6 in Stealth
  2290 | D:6      | Found a hide-covered altar to Ukayaw.
  2386 | D:7      | Killed from afar by an orc priest

Vault maps used:
D:1:      tarquinn_simple_flora_water_f, grunt_decor_cap, minmay_fountain_box,
          hangedman_feature_mirror
D:2:      minmay_misc_feat_doors
D:3:      grunt_pakellas_salt, gammafunk_temple_overflow_elements, first_bread
D:5:      marbit_many_paths, nicolae_overflow_crystal_walls, zin_academy,
          gup_ossuary_entry_pyramid
D:6:      trog_ov_bears_minmay, lemuel_round_altar, minmay_misc_feat_tiny
D:7:      kennysheep_seaside_town, lemuel_crystal_altar, lemuel_crystal_altar,
          minmay_temple_entry_from_below_a, serial_shops, kennysheep_mini_moat

Skill      XL: |  1  2  3  4  5  6 |
---------------+-------------------+-----
Stealth        | 4 5 6 |  6.0
Spellcasting   | 3 4 |  4.4
Hexes          | 4 |  4.8
Short Blades   | |  0.8
Dodging        | |  1.5

Action                   |  1- 3 |  4- 6 || total
-------------------------+-------+-------++-------
Melee: Dagger            |   119 |    40 ||   159
       Bite              |    26 |    25 ||    51
       Short sword       |     6 |    41 ||    47
 Cast: Ensorcelled Hiber |     6 |     8 ||    14
       Confuse           |       |     7 ||     7
Evoke: Wand              |       |     1 ||     1
  Use: Scroll            |       |     7 ||     7
       Potion            |       |     2 ||     2
 Stab: Sleeping          |    12 |     7 ||    19
       Confused          |       |     4 ||     4
       Distracted        |       |     2 ||     2
  Eat: Pizza             |       |     1 ||     1
       Chunk             |       |     3 ||     3
       Beef jerky        |       |     1 ||     1
Armor: Robe              |    19 |    18 ||    37
Dodge: Dodged            |    72 |    49 ||   121
